 Dungeon Crawl Stone Soup version 0.26-a0-487-gbff1e92059 (webtiles) character file.

Game seed: 11799356906820554871

322 Infinimo the Destroyer (level 6, 0/32 HPs)
             Began as a Tengu Fire Elementalist on Aug 1, 2020.
             Slain by an orc wizard
             ... wielding a +2 dagger of draining
              (1 damage)
             ... on level 4 of the Dungeon.
             The game lasted 00:02:48 (3540 turns).

Infinimo the Destroyer (Tengu Fire Elementalist)    Turns: 3540, Time: 00:02:49

Health: 0/32       AC:  4    Str:  8    XL:     6   Next: 47%
Magic:  16/16      EV: 14    Int: 18    God:
Gold:   154        SH:  0    Dex: 14    Spells: 16/17 levels left

rFire    . . .     SeeInvis .   f - +2 dagger (venom)
rCold    . . .     Faith    .   (no shield)
rNeg     . . .     Spirit   .   a - +1 robe
rPois    .         Reflect  .   (helmet restricted)
rElec    .         Harm     .   (no cloak)
rCorr    .                      d - +0 pair of gloves
MR       .....                  (boots unavailable)
Stlth    ++........             (no amulet)
HPRegen  0.10/turn              (no ring)
MPRegen  0.15/turn              (no ring)

@: about to teleport, flying quickly and evasively, heavily drained, quick
A: beak, talons 3, able to fly
a: Stop Flying


You were on level 4 of the Dungeon.
You visited 1 branch of the dungeon, and saw 4 of its levels.

You collected 154 gold pieces.

Inventory:

Hand Weapons
 f - a +2 dagger of venom (weapon)
Armour
 a - a +1 robe (worn)
 d - a +0 pair of gloves (worn)
Jewellery
 b - an uncursed ring of fire {unknown}
Scrolls
 c - 2 scrolls of teleportation
 e - 5 scrolls of identify
 l - 3 scrolls of remove curse
Potions
 g - a potion of haste {unknown}
 i - a potion of heal wounds {unknown}
 j - a potion of might {unknown}
 m - a potion of flight


   Skills:
 - Level 2.1(0.8) Dodging
 - Level 2.0(0.6) Stealth
 + Level 6.2(4.6) Spellcasting
 * Level 11.7(9.9) Conjurations
 * Level 10.4(8.7) Fire Magic


You had 16 spell levels left.
You knew the following spells:

 Your Spells              Type           Power        Failure   Level
a - Foxfire               Conj/Fire      ####         1%          1

Your spell library contained the following spells:

 Spells                   Type           Power        Failure   Level
 Conjure Flame            Conj/Fire      #####...     1%          3
 Sticky Flame             Conj/Fire      #####...     3%          4
 Inner Flame              Hex/Fire       ###.....     7%          3
 Fireball                 Conj/Fire      #####.....   9%          5


Dungeon Overview and Level Annotations

Branches:
Dungeon (4/15)
 Temple: D:4-7

Altars:
Fedhas


Innate Abilities, Weirdness & Mutations

You have a beak for a mouth.
You have claws for feet.
You can fly continuously.


Message History

You are too confused!
You are too confused!
You are too confused!
You are too confused!
You bump into the rock wall.
You hear some strange, mumbled words.
A magic dart appears from out of thin air!
The magic dart hits you!
You peck something.
You feel drained.
You feel drained.
You feel better.
An adder comes into view.
Something hits you.
You feel drained.
As you read the scroll of teleportation, it crumbles to dust.
You feel strangely unstable. The orc hits you with a +4 short sword!
* * * LOW HITPOINT WARNING * * *
Something hits you.
* * * LOW HITPOINT WARNING * * *
You feel drained.
You die...

....... ...oS..
....... .......
.......
####.......
.######+#o...#
.........o##.#
.........@##.##.
.........>.......
....##.####.###.
... #.# #.### .
#.####...# ##
#......#.# .#
######.#.# .#
#...# .##
#.#####..#


You could see 2 orcs.

Vanquished Creatures
  An orc wizard (D:4)
  An iguana (D:4)
  2 worker ants (D:4)
  4 adders
  3 dart slugs
  4 leopard geckos
  An orc (D:3)
  2 giant cockroaches
  8 goblins
  6 hobgoblins
  7 jackals
  2 kobolds
  6 bats
  4 frilled lizards
  3 rats
54 creatures vanquished.

Vanquished Creatures (others)
  202 foxfires
202 creatures vanquished.

Grand Total: 256 creatures vanquished

Notes
Turn   | Place    | Note
-------+----------+-------------------------------------------
     0 | D:1      | Infinimo the Tengu Fire Elementalist began the quest for
                  | the Orb.
     0 | D:1      | Reached XP level 1. HP: 10/10 MP: 4/4
   209 | D:1      | Reached skill level 2 in Conjurations
   209 | D:1      | Reached XP level 2. HP: 15/15 MP: 3/6
  1092 | D:2      | Reached XP level 3. HP: 19/19 MP: 4/7
  1947 | D:2      | Reached skill level 9 in Conjurations
  1947 | D:2      | Reached XP level 4. HP: 6/24 MP: 3/11
  2274 | D:2      | Found a blossoming altar of Fedhas.
  2350 | D:2      | Reached skill level 11 in Conjurations
  2350 | D:2      | Reached skill level 10 in Fire Magic
  2350 | D:2      | Gained mutation: You can fly continuously. [Tengu growth]
  2350 | D:2      | Reached XP level 5. HP: 28/28 MP: 11/14
  3268 | D:4      | Reached XP level 6. HP: 32/32 MP: 16/16
  3540 | D:4      | HP: 1/32 [something (3)]
  3540 | D:4      | Slain by an orc wizard

Illustrated notes

Levels and vault maps discovered:
D:1:      scummos_arrival_checkerplants, layout_loops_ring
D:2:      layout_loops_corners, fedhas_altar_4
D:3:      layout_basic
D:4:      layout_basic

Skill      XL: |  1  2  3  4 |
---------------+-------------+-----
Conjurations   | 2 9 11 | 11.7
Spellcasting   | 4 6 |  6.2
Fire Magic     | 8 10 | 10.4
Dodging        | |  2.1
Stealth        | |  2.0

Action                   |  1- 3 |  4- 6 || total
-------------------------+-------+-------++-------
Melee: Unarmed           |     2 |       ||     2
       Peck              |     2 |     3 ||     5
       Whip              |     5 |    15 ||    20
       Dagger            |       |    30 ||    30
       Kick              |       |     9 ||     9
 Cast: Foxfire           |    76 |    47 ||   123
 Abil: Fly               |       |     1 ||     1
  Use: Scroll            |     4 |     6 ||    10
       Potion            |     1 |     8 ||     9
 Stab: Sleeping          |       |     3 ||     3
Armor: Robe              |     9 |    10 ||    19
       Skin              |       |    30 ||    30
Dodge: Dodged            |    15 |    44 ||    59

Table legend: (Time is in decaauts)
 A = Elapsed time spent in this place.
 B = Non-inter-level travel time spent in this place.
 C = Inter-level travel time spent in this place.
 D = Time resting spent in this place.
 E = Time spent auto-exploring this place.
 F = Levels seen in this place.
 G = Mean time per level.
                   A        B        C        D        E       F      G
               +--------+--------+--------+--------+--------+-----+--------+
         Total |   3483 |   3404 |     79 |      5 |   2934 |   4 |  870.8 |
       Dungeon |   3483 |   3404 |     79 |      5 |   2934 |   4 |  870.8 |
               +--------+--------+--------+--------+--------+-----+--------+

Top non-repeatable levels by time:
     D:2: 1436 daAuts
     D:1: 1084 daAuts
     D:3: 686 daAuts
     D:4: 276 daAuts
